 Dungeon Crawl Stone Soup version 0.28.0-56-g4927b6849a (webtiles) character file.

Game seed: 1235749083276920860

4 Atelerd the Digger (level 1, 0/11 HPs)
             Began as an Octopode Earth Elementalist on Feb 2, 2023.
             Slain by a jackal (2 damage)
             ... on level 1 of the Dungeon.
             The game lasted 00:00:14 (85 turns).

Atelerd the Digger (Octopode Earth Elementalist)      Turns: 85, Time: 00:00:14

Health: 0/11       AC:  1    Str:  7    XL:     1   Next: 60%
Magic:  1/3        EV: 13    Int: 17    God:
Gold:   0          SH:  0    Dex: 12    Spells: 3/4 levels left

rFire   . . .      SeeInvis .   a - +0 dagger
rCold   . . .      Faith    .   (no shield)
rNeg    . . .      Spirit   .   (helmet restricted)
rPois   .          Reflect  .   (no amulet)
rElec   .          Harm     .   (no ring)
rCorr   .          Rampage  .   (no ring)
Will    .....                   (no ring)
Stlth   +++.......              (no ring)
HPRegen 0.03/turn               (no ring)
MPRegen 0.08/turn               (no ring)
                                (no ring)
                                (no ring)

@: no status effects
A: almost no armour, amphibious, 8 rings, camouflage 1, gelatinous body 1,
(nimble swimmer 1), tentacles
a: no special abilities


You were on level 1 of the Dungeon.
You visited 1 branch of the dungeon, and saw 1 of its levels.

Inventory:

Hand Weapons
 a - a +0 dagger (weapon)
Missiles
 b - 24 stones


   Skills:
 - Level 2.0 Dodging
 + Level 2.9 Stealth
 + Level 2.0 Spellcasting
 + Level 1.0 Transmutations
 + Level 3.2 Earth Magic


You had 3 spell levels left.
You knew the following spells:

 Your Spells              Type           Power      Damage    Failure   Level
a - Sandblast             Erth           24%        2d8       5%          1

Your spell library contained the following spells:

 Spells                   Type           Power      Damage    Failure   Level
 Passwall                 Tmut/Erth      6%         N/A       12%         2
 Stone Arrow              Conj/Erth      14%        3d7       30%         3
 Petrify                  Tmut/Erth      8%         N/A       63%         4


Dungeon Overview and Level Annotations

Branches:
Dungeon (1/15)

Altars:


Innate Abilities, Weirdness & Mutations

You cannot wear most types of armour.
You are amphibious.
You can wear up to eight rings at the same time.
Your skin changes colour to match your surroundings (Stealth+).
Your rubbery body absorbs attacks. (AC +1, EV +1)
((You are camouflaged when in or above water. (Stealth+)))
You have tentacles for arms and can constrict up to eight enemies at once.


Message History

A jackal comes into view.
You can't see any susceptible monsters within range! (Use Z to cast anyway.)
You can't see any susceptible monsters within range! (Use Z to cast anyway.)
A dart slug comes into view.
The blast of sand hits the frilled lizard!
You kill the frilled lizard!
The jackal barks!
You are too depleted to draw on your mana recklessly!
You are too depleted to draw on your mana recklessly!
Welcome back, Atelerd the Octopode Earth Elementalist.
Press ? for a list of commands and other information.
The jackal bites you.
A kobold comes into view. It is wielding a +0 dagger.
The dart slug launches a dart at you. The slug dart misses you.
You are too depleted to draw on your mana recklessly!
You are too depleted to draw on your mana recklessly!
You are too depleted to draw on your mana recklessly!
The kobold shouts!
You hit the jackal but do no damage. Your grab misses the jackal.
Your squeeze misses the jackal. The jackal bites you.
The jackal bites you but does no damage.
The jackal bites you. The jackal closely misses you.
You see here a frilled lizard corpse.
The jackal bites you but does no damage.
The jackal misses you. The jackal barely misses you.
You are too injured to fight recklessly!
You are too injured to fight recklessly!
You are too injured to fight recklessly!
You closely miss the jackal. Your grab misses the jackal.
Your squeeze misses the jackal. The jackal barely misses you.
You hit the jackal but do no damage. Your grab misses the jackal.
The jackal closely misses you. x2
You barely miss the jackal. Your grab misses the jackal.
The jackal bites you but does no damage.
The jackal closely misses you. The jackal bites you.
* * * LOW HITPOINT WARNING * * *
The jackal bites you.
You die...

### #### ..#
##..## #.###.#..##
#.#.###..# ##.##
##.###
##.#.###.#..#
#.#.#.#.###.####
#.#.<.#.# #..@h#
#.#.#.#.#.#
####h### ##
#.###.#.###.#
#...# #.. .# ##.##
##.# ###K###..## .
.#
#..######.†#.....
# ...#.>.......##
..##.#............
........†......###
..........K....#


You could see 2 jackals and a kobold.

Vanquished Creatures
  2 quokkas (D:1)
  2 frilled lizards (D:1)
4 creatures vanquished.

Notes
Turn   | Place    | Note
-------+----------+-------------------------------------------
     0 | D:1      | Atelerd the Octopode Earth Elementalist began the quest for
                  | the Orb.
     0 | D:1      | Reached XP level 1. HP: 11/11 MP: 3/3
    85 | D:1      | Slain by a jackal

Illustrated notes

Levels and vault maps discovered:
D:1:      minmay_arrival_diagonal_passages, layout_rooms,
          chequers_serial_rivers_micro_c

Action                   || total
-------------------------++-------
Melee: Dagger            ||     4
       Unarmed           ||     2
 Cast: Sandblast         ||     6
Armor: Skin              ||     3
Dodge: Dodged            ||     9
